 Dungeon Crawl Stone Soup version 0.20.1-1-g8b1a95d66d (webtiles) character file.

84 Peloso the Shield-Bearer (level 4, -2/31 HPs)
             Began as a Halfling Fighter on Nov 18, 2017.
             Slain by Peloso's ghost (4 damage)
             ... on level 3 of the Dungeon.
             The game lasted 00:04:21 (1908 turns).

Peloso the Shield-Bearer (Halfling Fighter)         Turns: 1908, Time: 00:04:22

Health: -2/31      AC:  9    Str: 18    XL:     4   Next: 72%
Magic:  4/4        EV:  9    Int:  4    God:
Gold:   96         SH: 10    Dex: 13    Spells: 3/3 levels left

rFire    . . .     SeeInvis .   a - +0 long sword
rCold    . . .     Gourm    .   c - +0 shield
rNeg     . . .     Faith    .   b - +0 scale mail
rPois    .         Spirit   .   (no helmet)
rElec    .         Reflect  .   (no cloak)
rCorr    .         Harm     .   (no gloves)
MR       .....                  g - +1 pair of boots
Stlth    ..........             (no amulet)
Regen    0.1/turn               i - -2 ring of intelligence (curse)
MPRegen  0.1/turn               m - ring of wizardry

@: no status effects
A: mutation resistance 1
a: no special abilities


You were on level 3 of the Dungeon.
You were hungry.

You visited 1 branch of the dungeon, and saw 3 of its levels.

You collected 96 gold pieces.

Inventory:

Hand Weapons
 a - a +0 long sword (weapon)
Armour
 b - a +0 scale mail (worn)
 c - a +0 shield (worn)
 g - a +1 pair of boots (worn)
Jewellery
 i - a cursed -2 ring of intelligence (left hand)
 m - a ring of wizardry (right hand)
Scrolls
 h - a scroll of immolation {unknown}
 j - a scroll of remove curse {unknown}
 k - a scroll of amnesia {unknown}
 l - 2 scrolls of identify {unknown}
 q - a scroll of enchant weapon {unknown}
Potions
 d - 3 potions of might
 e - a potion of flight {unknown}
 p - 3 potions of lignification {unknown}
 r - a potion of curing {unknown}
Comestibles
 f - 3 bread rations
 n - a meat ration
 o - 2 fruits


   Skills:
 + Level 3.1 Fighting
 + Level 3.0 Long Blades
 + Level 3.7 Armour
 + Level 1.0 Dodging
 + Level 0.2 Stealth
 + Level 3.9 Shields


You had 3 spell levels left.
You didn't know any spells.

Dungeon Overview and Level Annotations

Branches:
Dungeon (3/15)

Altars:
Fedhas

Annotations:
D:3 Peloso's ghost, amateur HaFi


Innate Abilities, Weirdness & Mutations

You are small and have problems with some larger weapons.
You are somewhat resistant to further mutation.


Message History

Peloso's ghost is lightly damaged.
Peloso's ghost hits you!
Your shield and scale mail prevent you from hitting Peloso's ghost.
Peloso's ghost is lightly damaged.
Peloso's ghost closely misses you.
You riposte.
Your shield and scale mail prevent you from hitting Peloso's ghost.
Peloso's ghost is lightly damaged.
You block Peloso's ghost's attack.
You closely miss Peloso's ghost.
Peloso's ghost is lightly damaged.
You block Peloso's ghost's attack.
You completely miss Peloso's ghost.
Peloso's ghost is lightly damaged.
Peloso's ghost barely misses you.
You closely miss Peloso's ghost.
Peloso's ghost is lightly damaged.
Peloso's ghost hits you!
* * * LOW HITPOINT WARNING * * *
Peloso's ghost hits you.
You die...

####
#########
...#
#......>#
##.###
#.#####.#
.....# #.#
#.# #).#.#
#.# #.#
#..#.# #.#
#.#
#..#.#####.#
#.#
...........#
#.#
#..#.####..#
#@# #..#.#
#..# #W#
##.#.# #.(#
#.# #.#.#
#>.# #.#
#.#.# #..#
#.# .#.#
#..# ..# ..
...# ###
#.##


You could see Peloso's ghost.

Vanquished Creatures
  A worker ant (D:3)
  An adder (D:3)
  A dart slug (D:2)
  3 leopard geckos
  A ball python (D:3)
  7 bats
  2 giant cockroaches (D:1)
  A goblin (D:2)
  9 hobgoblins
  5 jackals (D:2)
  2 frilled lizards
  5 kobolds (D:2)
  4 rats
42 creatures vanquished.

Notes
Turn   | Place    | Note
-------+----------+-------------------------------------------
     0 | D:1      | Peloso the Halfling Fighter began the quest for the Orb.
     0 | D:1      | Reached XP level 1. HP: 15/15 MP: 1/1
   196 | D:1      | Reached XP level 2. HP: 20/20 MP: 2/2
   593 | D:1      | Reached XP level 3. HP: 25/25 MP: 3/3
  1378 | D:2      | Found a blossoming altar of Fedhas.
  1551 | D:3      | Reached XP level 4. HP: 9/31 MP: 4/4
  1852 | D:3      | Reached skill level 1 in Dodging
  1890 | D:3      | Noticed Peloso's ghost (amateur HaFi)
  1908 | D:3      | Slain by Peloso's ghost

Skill      XL: |  1  2  3  4 |
---------------+-------------+-----
Fighting       | 3 |  3.1
Long Blades    | 3 |  3.0
Dodging        | 1 |  1.0
Armour         | |  3.7
Stealth        | |  0.2
Shields        | |  3.9

Action                   |  1- 3 |  4- 6 || total
-------------------------+-------+-------++-------
Melee: Long sword        |   136 |    24 ||   160
  Eat: Fruit             |     1 |       ||     1
       Chunk             |       |     2 ||     2
Armor: Scale mail        |    71 |     9 ||    80
Dodge: Dodged            |    60 |    12 ||    72
Block: Shield            |    92 |    10 ||   102
       Rpst.: Long sword |    19 |     3 ||    22
